 Dungeon Crawl Stone Soup version 0.19-b1-3-g7dea586 (webtiles) character file.

42 Snowbleach the Magician (level 3, 21/21 HPs)
             Began as a High Elf Wizard on Oct 28, 2016.
             Quit the game on level 2 of the Dungeon.
             The game lasted 00:14:05 (2277 turns).

Snowbleach the Magician (High Elf Wizard)           Turns: 2277, Time: 00:14:06

Health: 21/21      AC:  2    Str:  7    XL:     3   Next: 35%
Magic:  4/10       EV: 13    Int: 21    God:
Gold:   54         SH:  0    Dex: 14    Spells: 2 memorised, 8 levels left

rFire  . . .     SeeInvis .     g - +0 club
rCold  . . .     Gourm    .     a - +0 robe
rNeg   . . .     Faith    .     (no shield)
rPois  .         Spirit   .     b - +0 hat
rElec  .         Reflect  .     (no cloak)
rCorr  .         Harm     .     (no gloves)
MR     .....                    (no boots)
Stlth  ++........               (no amulet)
                                (no ring)
                                (no ring)

@: no status effects
A: no striking features
a: no special abilities


You were on level 2 of the Dungeon.
You were not hungry.

You visited 1 branch of the dungeon, and saw 2 of its levels.

You collected 54 gold pieces.

Inventory:

Hand Weapons
 g - a +0 club (weapon)
Armour
 a - a +0 robe (worn)
 b - a +0 hat (worn)
Scrolls
 d - a scroll of random uselessness {unknown}
 h - a scroll of identify {unknown}
 i - a scroll of fog {unknown}
 m - a scroll of fear {unknown}
 n - a scroll of immolation {unknown}
Potions
 e - a potion of mutation {unknown}
 f - a potion of agility {unknown}
 j - a potion of haste {unknown}
 k - 5 potions of curing {unknown}
 l - a potion of brilliance {unknown}
Books
 c - a book of Minor Magic

   Spells                             Type                      Level
   a - Magic Dart                     Conjuration                  1
   b - Blink                          Translocation                2
   c - Call Imp                       Summoning                    2
   d - Repel Missiles                 Charms/Air                   2
   e - Slow                           Hexes                        2
   f - Conjure Flame                  Conjuration/Fire             3
   g - Mephitic Cloud                 Conjuration/Poison/Air       3
Comestibles
 o - 3 chunks of flesh


   Skills:
 + Level 2.5 Dodging
 + Level 2.2 Stealth
 + Level 4.7 Spellcasting
 + Level 1.5 Conjurations
   Level 0.8 Summonings
 + Level 1.1 Translocations


You had 8 spell levels left.
You knew the following spells:

 Your Spells              Type           Power        Failure   Level  Hunger
a - Magic Dart            Conj           ##..         8%          1    None
b - Blink                 Tloc           N/A          12%         2    #......


Dungeon Overview and Level Annotations

Branches:
Dungeon (2/15)

Altars:


Message History

Confirm with . or Enter, or press ? or * to list all spells.
Aiming: Magic Dart
Press: ? - help, Shift-Dir - straight line, f/p - giant cockroach
Aim: a giant cockroach (moderately wounded, clinging)
The magic dart hits the giant cockroach.
The giant cockroach is moderately wounded.
The giant cockroach closely misses you. The giant cockroach misses you.
Some of the chunks of flesh in your inventory have rotted away.
Casting: Magic Dart
Confirm with . or Enter, or press ? or * to list all spells.
Aiming: Magic Dart
Press: ? - help, Shift-Dir - straight line, f/p - giant cockroach
Aim: a giant cockroach (moderately wounded, clinging)
The magic dart hits the giant cockroach.
You kill the giant cockroach!
A hobgoblin comes into view. It is wielding a club.
Saving game... please wait.
Welcome back, Snowbleach the High Elf Wizard.
Press ? for a list of commands and other information.
Are you sure you want to abandon this character and quit the game? (Confirm with "yes".)

#. .. #. # #
#.######## #.#.
#.#<.....#
....(#.#.#.....#
.......#.#.#####
#.@<..# #.#.###
#.#... #.#####
#. .. #. g.


You could see a hobgoblin (sleeping).

Vanquished Creatures
  A dart slug (D:1)
  A leopard gecko (D:1)
  2 ball pythons (D:1)
  6 bats (D:1)
  6 giant cockroaches
  4 goblins (D:1)
  5 hobgoblins (D:1)
  3 kobolds (D:1)
  3 frilled lizards (D:1)
  4 rats (D:1)
35 creatures vanquished.

Notes
Turn   | Place    | Note
-------+----------+-------------------------------------------
     0 | D:1      | Snowbleach the High Elf Wizard began the quest for the Orb.
     0 | D:1      | Reached XP level 1. HP: 11/11 MP: 6/6
   137 | D:1      | Reached skill level 4 in Spellcasting
   353 | D:1      | Reached XP level 2. HP: 14/17 MP: 0/8
  1320 | D:1      | Learned a level 2 spell: Blink
  1732 | D:1      | Reached XP level 3. HP: 21/21 MP: 2/10
  2277 | D:2      | Quit the game

Skill      XL: |  1 |
---------------+----+-----
Spellcasting   | 4 |  4.7
Dodging        | |  2.5
Stealth        | |  2.2
Conjurations   | |  1.5
Summonings     | |  0.8
Translocations | |  1.1

Action                   || total
-------------------------++-------
Melee: Unarmed           ||    14
 Cast: Magic Dart        ||   104
       Blink             ||     1
  Eat: Bread ration      ||     1
Armor: Robe              ||    10
Dodge: Dodged            ||    43
